 Dungeon Sprint DCSS version 0.30-a0-469-g84de5afbc5 (webtiles) character file.

Game seed: 6978806676820060590

20600000 NinjaNoafa the Intangible (level 27, -38/228 HPs)
             Began as a Djinni Warper on Dec 19, 2022.
             Was the Champion of Makhleb.
             Annihilated by a meat berserker
             ... wielding a +9 battleaxe
              (85 damage)
             ... in the Dungeon (Sprint VIII: "Arena of Blood").
             The game lasted 00:01:29 (206 turns).

NinjaNoafa the Intangible (Djinni Warper)            Turns: 206, Time: 00:01:30

Health: -38/228    AC:  6    Str: 10    XL:     27
Gold:   0          EV: 35    Int: 18    God:    Makhleb [******] SH:  0 Dex: 24

rFire   + + .      SeeInvis +    i - +∞ Axe of Woe
rCold   x . .      Faith    .    (shield currently unavailable)
rNeg    . . .      Spirit   .    b - +0 leather armour
rPois   ∞          Reflect  .    (no helmet)
rElec   .          Harm     .    (no cloak)
rCorr   .          Rampage  .    (no gloves)
Will    ++...      NoTele   +    (boots unavailable)
Stlth   +++.......               (no amulet)
HPRegen 0.58/turn                j - +200 ring of slaying
MPRegen 0.00/turn                k - ring of see invisible

@: confused, flying, slowed, very slow
A: sickness immunity, fire resistance 2, cold vulnerability 1, float, innate
caster, HP casting, extra vitality 1
a: Renounce Religion, Minor Destruction, Lesser Servant of Makhleb, Major
Destruction, Greater Servant of Makhleb


You were in the Dungeon.
You worshipped Makhleb.
Makhleb was exalted by your worship.
You visited 1 branch

Inventory:

Hand Weapons
 a - a +0 hand axe
 i - the +∞ Axe of Woe (weapon)
   (You found it in the Dungeon)
Missiles
 d - 7 boomerangs of dispersal (quivered)
Armour
 b - a +0 leather armour (worn)
Jewellery
 j - a +200 ring of slaying (left hand)
 k - a ring of see invisible (right hand)
 l - a +30 ring of slaying
 m - a +30 ring of slaying
 n - a +30 ring of slaying
 o - a +30 ring of slaying
 p - a +30 ring of slaying
 q - a +200 ring of slaying
 r - a +250 ring of slaying
 s - a +30 ring of slaying
 t - a +30 ring of slaying
 u - a +200 ring of slaying
 v - a +30 ring of slaying
 w - a +200 ring of slaying
 x - a +400 ring of slaying
 y - a +30 ring of slaying
Scrolls
 c - 2 scrolls of blinking
Potions
 f - a potion of heal wounds
 g - a potion of haste
 h - a potion of berserk rage


   Skills:
 O Level 27 Fighting
 O Level 27 Short Blades
 O Level 27 Long Blades
 O Level 27 Axes
 O Level 27 Maces & Flails
 O Level 27 Polearms
 O Level 27 Staves
 O Level 27 Ranged Weapons
 O Level 27 Throwing
 O Level 27 Armour
 O Level 27 Dodging
 O Level 27 Stealth
 O Level 27 Shields
 O Level 27 Unarmed Combat
 O Level 27 Spellcasting
 O Level 27 Invocations
 O Level 27 Evocations


You couldn't memorise any spells.
You knew the following spells:

 Your Spells              Type           Power      Damage    Failure   Level
a - Blink                 Tloc           100%       N/A       0%          2
b - Lesser Beckoning      Tloc           100%       N/A       0%          3
c - Vhi's Electric Charg  Tloc/Air       100%       N/A       0%          3
d - Teleport Other        Tloc           88%        N/A       0%          3
e - Manifold Assault      Tloc           88%        N/A       0%          4
f - Beastly Appendage     Tmut           100%       N/A       0%          1
g - Poisonous Vapours     Pois/Air       100%       N/A       0%          2
h - Momentum Strike       Conj/Tloc      100%       3d10      0%          2
i - Swiftness             Air            88%        N/A       0%          3
j - Leda's Liquefaction   Hex/Erth       44%        N/A       0%          4
k - Yara's Violent Unrav  Hex/Tmut       44%        3d17      0%          5
l - Conjure Ball Lightni  Conj/Air       44%        3x3d15    0%          6
m - Simulacrum            Ice/Necr       44%        N/A       0%          6
n - Dispersal             Tloc           44%        N/A       0%          6
o - Orb of Destruction    Conj           44%        9d12      1%          7
p - Summon Horrible Thin  Summ           44%        N/A       1%          8
q - Discord               Hex            44%        N/A       1%          8
r - Polar Vortex          Ice            44%        N/A       2%          9
Your spell library was empty.

Dungeon Overview and Level Annotations

Branches:
Dungeon (1/1)

Altars:
Makhleb


Innate Abilities, Weirdness & Mutations

You are immune to sickness and miasma.
You are immune to poison.
Your flesh is very heat resistant. (rF++)
You are vulnerable to cold. (rC-)
You float through the air rather than walking.
You learn spells naturally, not from books.
Your magical power is your life essence.
You have superior vitality. (+4 MHP)


Message History

A bag of meat comes into view. It is wielding a +9 war axe.
You hear a shout! x2
An eight-headed meat hydra comes into view.
A fleshlord comes into view. It is wielding a +9 great mace.
You hear a shout!
You're too confused to cast spells.
You're too confused to cast spells.
You're too confused to cast spells.
You're too confused to cast spells.
You're too confused to cast spells.
You feel better.
The dread appears out of thin air!
A dread comes into view.
The eight-headed meat hydra roars!
You hear a shout! x2
The vile hits you with a +0 flail.
You are engulfed in flames!!!
You resist.
You hear a shout! x2
An eight-headed meat hydra comes into view.
You are confused.
The meat beast bites you! The meat beast tramples you!
You hold your ground!
You hear a shout!
A meat berserker comes into view. It is wielding a +9 battleaxe.
The vile hits you with a +0 flail!
You are engulfed in flames!!!
You resist.
You're too confused to cast spells.
You're too confused to cast spells.
You're too confused to cast spells.
You're too confused to cast spells.
You're too confused to move!
The eight-headed meat hydra roars!
The meat beast bites you!! The meat beast tramples you!
* * * LOW HITPOINT WARNING * * *
You hold your ground!
The meat beast growls, "Beg for mercy, thou grime-gilt nut-hook lout!"
The meat beast bites you.
* * * LOW HITPOINT WARNING * * *
The meat beast misses you. The meat beast completely misses you.
The meat beast tramples you!
* * * LOW HITPOINT WARNING * * *
You hold your ground!
You barely resist.
You hear a shout! x4
The meat berserker hits you with a +9 battleaxe!!!!
You die...

........###....).
#.).....)_.......
.))...#.....#....
..)p).#_.<._#..))
..))).#))...#).))
#.))).).._))W....))))
....).))###))))..)).#)
...###S92.††.###.)..).
))...#.O@...)#..)).†§)
.).)#)..).†.#.)))..))
....))....G...).....
....).).)..†D.))#
...).....).))))#)
...)....))).)##)..).#
.).#...)...)#.))...#.
....).)).))†#.))###).
).##)#.).)).)))... .


You could see a meat beast (fast), an eight-headed meat hydra, an observer
(fast, invisible), a scourge, a fleshlord, a dread, a vile (fast) and a meat
berserker (berserk).

Vanquished Creatures
  2 molten gargoyles (D)
  29 hell knights (D)
  12 hell beasts (D)
  10 royal mummies (D)
  16 great orbs of eyes (D)
  13 wraiths (D)
  Harold (D)
  21 vampire knights (D)
  45 ogres (D)
  4 two-headed ogres (D)
  10 liches (D)
  16 hydras (D)
  23 phantoms (D)
  77 orcs (D)
  13 skeletal warriors (D)
  19 sea snakes (D)
311 creatures vanquished.

Notes
Turn   | Place    | Note
-------+----------+-------------------------------------------
     0 | D        | Found the +∞ Axe of Woe
     0 | D        | NinjaNoafa the Djinni Warper began the quest for the Orb.
     0 | D        | NinjaNoafa set off with the following spells memorised:
                  | Blink, Lesser Beckoning, Vhi's Electric Charge, Teleport
                  | Other, Manifold Assault.
     0 | D        | Reached XP level 1. HP: 18/18 MP: 0/0
     1 | D        | Noticed a bag of meat
     2 | D        | Noticed a bag of meat
     4 | D        | Became a worshipper of Makhleb the Destroyer
     6 | D        | Killed a bag of meat
     7 | D        | Reached XP level 2. HP: 37/37 MP: 0/0
     7 | D        | Reached XP level 3. HP: 42/42 MP: 0/0
     7 | D        | Learned a level 1 spell: Beastly Appendage
     7 | D        | Reached XP level 4. HP: 49/49 MP: 0/0
     7 | D        | Reached XP level 5. HP: 53/53 MP: 0/0
     7 | D        | Learned a level 2 spell: Poisonous Vapours
     7 | D        | Reached XP level 6. HP: 59/59 MP: 0/0
     7 | D        | Reached XP level 7. HP: 65/65 MP: 0/0
     7 | D        | Learned a level 2 spell: Momentum Strike
     7 | D        | Reached XP level 8. HP: 71/71 MP: 0/0
     7 | D        | Reached XP level 9. HP: 76/76 MP: 0/0
     7 | D        | Learned a level 3 spell: Swiftness
     7 | D        | Reached XP level 10. HP: 82/82 MP: 0/0
     7 | D        | Reached XP level 11. HP: 87/87 MP: 0/0
     7 | D        | Learned a level 4 spell: Leda's Liquefaction
     7 | D        | Noticed a bag of meat
     8 | D        | Killed a bag of meat
     8 | D        | Reached * piety under Makhleb
     8 | D        | Noticed a meat berserker
     8 | D        | Noticed a meat berserker
     9 | D        | Reached skill level 10 in Axes
     9 | D        | Reached skill level 10 in Spellcasting
     9 | D        | Reached XP level 12. HP: 92/96 MP: 0/0
     9 | D        | Noticed a bag of meat
    10 | D        | Killed a meat berserker
    10 | D        | Killed a meat berserker
    11 | D        | Reached XP level 13. HP: 109/109 MP: 0/0
    11 | D        | Learned a level 5 spell: Yara's Violent Unravelling
    11 | D        | Reached XP level 14. HP: 116/116 MP: 0/0
    11 | D        | Killed a bag of meat
    11 | D        | Reached ** piety under Makhleb
    12 | D        | Noticed a meat berserker
    12 | D        | Noticed a meat berserker
    13 | D        | Killed a meat berserker
    13 | D        | Killed a meat berserker
    13 | D        | Noticed a bag of meat
    14 | D        | Reached skill level 15 in Axes
    14 | D        | Reached skill level 15 in Invocations
    14 | D        | Reached XP level 15. HP: 127/127 MP: 0/0
    14 | D        | Learned a level 6 spell: Conjure Ball Lightning
    14 | D        | Noticed a meat berserker
    14 | D        | Reached *** piety under Makhleb
    14 | D        | Killed a meat berserker
    15 | D        | Reached skill level 15 in Spellcasting
    15 | D        | Reached XP level 16. HP: 137/137 MP: 0/0
    18 | D        | Noticed a destroyer
    18 | D        | Killed a destroyer
    18 | D        | Reached **** piety under Makhleb
    19 | D        | Reached XP level 17. HP: 148/148 MP: 0/0
    19 | D        | Learned a level 6 spell: Simulacrum
    19 | D        | Noticed a destroyer
    20 | D        | Killed a destroyer
    21 | D        | Reached XP level 18. HP: 156/156 MP: 0/0
    21 | D        | Noticed a large bag of meat
    22 | D        | Noticed a meat berserker
    23 | D        | Noticed a meat berserker
    23 | D        | Killed a meat berserker
    23 | D        | Reached ***** piety under Makhleb
    23 | D        | Killed a meat berserker
    24 | D        | Noticed a destroyer
    25 | D        | Killed a large bag of meat
    25 | D        | Killed a destroyer
    26 | D        | Reached skill level 27 in Dodging
    26 | D        | Reached XP level 19. HP: 158/171 MP: 0/0
    26 | D        | Learned a level 6 spell: Dispersal
    26 | D        | Reached ****** piety under Makhleb
    27 | D        | Reached skill level 27 in Armour
    27 | D        | Reached XP level 20. HP: 180/180 MP: 0/0
    27 | D        | Noticed an eight-headed meat hydra
    27 | D        | Noticed a large bag of meat
    28 | D        | Reached skill level 27 in Fighting
    28 | D        | Noticed The Servant
    28 | D        | Killed a nine-headed meat hydra
    28 | D        | Killed a large bag of meat
    28 | D        | Killed The Servant
    29 | D        | Reached skill level 27 in Axes
    29 | D        | Reached skill level 27 in Invocations
    29 | D        | Reached XP level 21. HP: 187/187 MP: 0/0
    29 | D        | Learned a level 7 spell: Orb of Destruction
    29 | D        | Noticed a meat berserker
    30 | D        | Reached skill level 27 in Spellcasting
    30 | D        | Reached skill level 1 in Short Blades
    30 | D        | Reached skill level 1 in Long Blades
    30 | D        | Reached skill level 1 in Maces & Flails
    30 | D        | Reached skill level 1 in Polearms
    30 | D        | Reached skill level 1 in Staves
    30 | D        | Reached skill level 1 in Ranged Weapons
    30 | D        | Reached skill level 1 in Stealth
    30 | D        | Reached skill level 1 in Shields
    30 | D        | Reached skill level 1 in Unarmed Combat
    30 | D        | Reached skill level 1 in Evocations
    32 | D        | Killed a meat berserker
    33 | D        | Reached skill level 5 in Short Blades
    33 | D        | Reached skill level 5 in Long Blades
    33 | D        | Reached skill level 5 in Staves
    33 | D        | Reached skill level 10 in Throwing
    33 | D        | Reached skill level 5 in Stealth
    33 | D        | Reached skill level 5 in Shields
    33 | D        | Reached skill level 5 in Unarmed Combat
    33 | D        | Reached skill level 5 in Evocations
    34 | D        | Noticed a destroyer
    36 | D        | Killed a destroyer
    37 | D        | Reached XP level 22. HP: 194/194 MP: 0/0
    38 | D        | Noticed a meat berserker
    38 | D        | Noticed a meat berserker
    39 | D        | Killed a meat berserker
    39 | D        | Killed a meat berserker
    40 | D        | Reached skill level 10 in Long Blades
    40 | D        | Reached skill level 10 in Staves
    40 | D        | Reached skill level 10 in Stealth
    41 | D        | Reached skill level 10 in Maces & Flails
    41 | D        | Reached skill level 10 in Polearms
    41 | D        | Reached skill level 10 in Ranged Weapons
    41 | D        | Noticed a destroyer
    43 | D        | Noticed an accursed
    43 | D        | Noticed a meat berserker
    43 | D        | Noticed a meat berserker
    43 | D        | Noticed a large bag of meat
    44 | D        | Killed an accursed
    44 | D        | Killed a meat berserker
    44 | D        | Killed a large bag of meat
    44 | D        | Noticed a meat berserker
    45 | D        | Reached skill level 15 in Short Blades
    45 | D        | Reached skill level 15 in Throwing
    45 | D        | Reached skill level 15 in Shields
    45 | D        | Reached skill level 15 in Unarmed Combat
    45 | D        | Reached skill level 15 in Evocations
    45 | D        | Reached XP level 23. HP: 102/201 MP: 0/0
    45 | D        | Learned a level 8 spell: Summon Horrible Things
    46 | D        | Reached skill level 15 in Long Blades
    46 | D        | Reached skill level 15 in Staves
    46 | D        | Reached skill level 15 in Stealth
    46 | D        | Reached XP level 24. HP: 188/208 MP: 0/0
    49 | D        | Killed a destroyer
    53 | D        | Noticed a tyrant
    56 | D        | Reached skill level 15 in Maces & Flails
    56 | D        | Reached skill level 15 in Polearms
    56 | D        | Reached skill level 15 in Ranged Weapons
    56 | D        | Killed a tyrant
    58 | D        | Reached XP level 25. HP: 214/214 MP: 0/0
    58 | D        | Learned a level 8 spell: Discord
    60 | D        | Noticed a meat beast
    60 | D        | Killed a meat beast
    61 | D        | Reached XP level 26. HP: 221/221 MP: 0/0
    64 | D        | Noticed a dread
    65 | D        | Noticed a destroyer
    66 | D        | Killed a destroyer
    70 | D        | Noticed a meat beast
    71 | D        | Noticed a meat beast
    71 | D        | Killed a meat beast
    71 | D        | Killed a meat beast
    72 | D        | Reached XP level 27. HP: 228/228 MP: 0/0
    72 | D        | Learned a level 9 spell: Polar Vortex
    75 | D        | Reached skill level 27 in Shields
    75 | D        | Reached skill level 27 in Unarmed Combat
    75 | D        | Reached skill level 27 in Evocations
    77 | D        | Reached skill level 27 in Short Blades
    79 | D        | Reached skill level 27 in Stealth
    81 | D        | Reached skill level 27 in Long Blades
    81 | D        | Reached skill level 27 in Staves
    81 | D        | Reached skill level 27 in Throwing
    83 | D        | Reached skill level 27 in Maces & Flails
    83 | D        | Reached skill level 27 in Polearms
    83 | D        | Reached skill level 27 in Ranged Weapons
    84 | D        | Noticed a destroyer
    85 | D        | Noticed a meat beast
    86 | D        | Killed a destroyer
    87 | D        | Killed a meat beast
    87 | D        | Noticed a destroyer
    88 | D        | Noticed a tyrant
    89 | D        | Killed a tyrant
    89 | D        | Killed a destroyer
    90 | D        | Noticed a destroyer
    91 | D        | Killed a destroyer
    91 | D        | Noticed an accursed
    92 | D        | Killed an accursed
    96 | D        | Noticed a tyrant
    97 | D        | Killed a tyrant
    98 | D        | Noticed a tyrant
    98 | D        | Killed a tyrant
    98 | D        | Noticed a tyrant
    99 | D        | Killed a tyrant
   100 | D        | Noticed an accursed
   100 | D        | Noticed a destroyer
   101 | D        | Killed an accursed
   101 | D        | Killed a destroyer
   103 | D        | Noticed an accursed
   104 | D        | Killed an accursed
   105 | D        | Noticed a dread
   106 | D        | Killed a dread
   109 | D        | Noticed a dread
   110 | D        | Killed a dread
   112 | D        | Noticed a dread
   112 | D        | Killed a dread
   114 | D        | Noticed a dread
   114 | D        | Killed a dread
   116 | D        | Noticed a fleshlord
   116 | D        | Noticed a fleshlord
   116 | D        | Killed a fleshlord
   116 | D        | Killed a fleshlord
   117 | D        | Noticed a fleshlord
   117 | D        | Noticed a destroyer
   118 | D        | Killed a fleshlord
   118 | D        | Killed a destroyer
   118 | D        | Noticed a meat beast
   118 | D        | Noticed a tyrant
   119 | D        | Noticed a fleshlord
   119 | D        | Killed a fleshlord
   119 | D        | Killed a tyrant
   119 | D        | Noticed a fleshlord
   119 | D        | Noticed a fleshlord
   120 | D        | Killed a fleshlord
   120 | D        | Killed a fleshlord
   122 | D        | Killed a meat beast
   122 | D        | Noticed a fleshlord
   122 | D        | Noticed a fleshlord
   123 | D        | Killed a fleshlord
   123 | D        | Killed a fleshlord
   123 | D        | Noticed a fleshlord
   123 | D        | Noticed a destroyer
   124 | D        | Killed a destroyer
   124 | D        | Killed a fleshlord
   125 | D        | Noticed a fleshlord
   125 | D        | Killed a fleshlord
   125 | D        | Noticed a fleshlord
   126 | D        | Killed a fleshlord
   127 | D        | Noticed a fleshlord
   127 | D        | Killed a fleshlord
   129 | D        | Noticed an accursed
   130 | D        | Killed an accursed
   130 | D        | Noticed a meat beast
   130 | D        | Noticed a large bag of meat
   131 | D        | Killed a meat beast
   131 | D        | Killed a large bag of meat
   133 | D        | Noticed a fleshlord
   133 | D        | Noticed a fleshlord
   134 | D        | Killed a fleshlord
   134 | D        | Killed a fleshlord
   134 | D        | Noticed a fleshlord
   134 | D        | Noticed a fleshlord
   135 | D        | Noticed a destroyer
   135 | D        | Killed a destroyer
   135 | D        | Killed a fleshlord
   135 | D        | Killed a fleshlord
   136 | D        | Noticed a destroyer
   137 | D        | Killed a destroyer
   138 | D        | Noticed an accursed
   139 | D        | Noticed a destroyer
   139 | D        | Killed a destroyer
   139 | D        | Killed an accursed
   141 | D        | Noticed an accursed
   141 | D        | Noticed a destroyer
   141 | D        | Noticed a fleshlord
   142 | D        | Killed an accursed
   142 | D        | Killed a fleshlord
   142 | D        | Killed a destroyer
   143 | D        | Noticed a meat beast
   144 | D        | Killed a meat beast
   145 | D        | Noticed a meat beast
   146 | D        | Noticed a meat beast
   146 | D        | Killed a meat beast
   146 | D        | Killed a meat beast
   147 | D        | Noticed a destroyer
   147 | D        | Killed a destroyer
   150 | D        | Noticed a destroyer
   151 | D        | Noticed a fleshlord
   152 | D        | Killed a fleshlord
   152 | D        | Killed a destroyer
   152 | D        | Noticed a fleshlord
   153 | D        | Killed a fleshlord
   153 | D        | Noticed a fleshlord
   153 | D        | Noticed a fleshlord
   155 | D        | Killed a fleshlord
   155 | D        | Killed a fleshlord
   155 | D        | Noticed a dread
   156 | D        | Killed a dread
   157 | D        | Killed a dread
   165 | D        | Noticed a dread
   165 | D        | Killed a dread
   175 | D        | Noticed a tyrant
   175 | D        | Noticed a tyrant
   175 | D        | Noticed a dread
   176 | D        | Killed a tyrant
   177 | D        | Noticed a fleshlord
   178 | D        | Killed a tyrant
   178 | D        | Killed a fleshlord
   178 | D        | Noticed a dread
   180 | D        | Killed a dread
   180 | D        | Noticed a fleshlord
   181 | D        | Killed a dread
   182 | D        | Killed a fleshlord
   183 | D        | Noticed a destroyer
   183 | D        | Noticed a dread
   184 | D        | Killed a dread
   184 | D        | Killed a destroyer
   186 | D        | Noticed a fleshlord
   187 | D        | Killed a fleshlord
   187 | D        | Noticed a meat beast
   187 | D        | Noticed an accursed
   188 | D        | Killed an accursed
   188 | D        | Killed a meat beast
   189 | D        | Noticed a fleshlord
   189 | D        | Noticed a meat beast
   190 | D        | Killed a fleshlord
   190 | D        | Killed a meat beast
   190 | D        | Noticed a fleshlord
   191 | D        | Killed a fleshlord
   191 | D        | Noticed a dread
   192 | D        | Noticed an accursed
   193 | D        | Noticed a meat beast
   193 | D        | Killed a meat beast
   194 | D        | Noticed a dread
   194 | D        | Noticed a destroyer
   195 | D        | Killed a dread
   195 | D        | Killed a dread
   195 | D        | Killed a destroyer
   196 | D        | Killed an accursed
   196 | D        | Noticed a fleshlord
   196 | D        | Noticed a tyrant
   197 | D        | Killed a tyrant
   197 | D        | Killed a fleshlord
   198 | D        | Noticed a fleshlord
   198 | D        | Noticed a destroyer
   198 | D        | Noticed an accursed
   199 | D        | Killed a destroyer
   199 | D        | Killed an accursed
   199 | D        | Noticed a fleshlord
   200 | D        | Killed a fleshlord
   200 | D        | Noticed a dread
   200 | D        | Noticed a tyrant
   201 | D        | Killed a dread
   201 | D        | Killed a tyrant
   201 | D        | Killed a fleshlord
   203 | D        | Noticed a vile
   203 | D        | Killed a vile
   203 | D        | Noticed a meat beast
   203 | D        | Noticed a vile
   204 | D        | Noticed a vile
   204 | D        | Killed a vile
   204 | D        | Noticed a tyrant
   204 | D        | Noticed a fleshlord
   206 | D        | Noticed a dread
   206 | D        | Annihilated by a meat berserker

Illustrated notes

Levels and vault maps discovered:
D:        meatsprint

Skill      XL: |  1  2  3  4  5  6  7  8  9 10 11 12 13 14 15 16 17 18 19 20 21 22 23 24 25 26 27 |
---------------+----------------------------------------------------------------------------------+-----
Fighting       | 11 12 16 18 19 21 22 25 26 27 | 27.0
Axes           | 9 10 13 15 17 18 19 22 23 27 | 27.0
Throwing       | 9 12 15 16 19 20 24 27 | 27.0
Armour         | 11 12 16 18 19 21 22 26 27 | 27.0
Dodging        | 12 13 17 20 21 23 24 27 | 27.0
Spellcasting   | 8 10 12 14 15 17 18 20 21 26 27 | 27.0
Invocations    | 6 12 15 17 19 20 24 25 27 | 27.0
Short Blades   | 9 15 16 19 21 25 27 | 27.0
Long Blades    | 8 14 15 18 20 24 27 | 27.0
Maces & Flails | 8 13 14 17 19 22 27 | 27.0
Polearms       | 8 13 14 17 19 22 27 | 27.0
Staves         | 8 14 15 18 20 24 27 | 27.0
Ranged Weapons | 8 13 14 17 19 22 27 | 27.0
Stealth        | 8 14 15 18 20 24 27 | 27.0
Shields        | 9 15 16 20 22 26 27 | 27.0
Unarmed Combat | 9 15 16 20 22 26 27 | 27.0
Evocations     | 9 15 16 20 22 26 27 | 27.0

Action                   |  1- 3 |  4- 6 |  7- 9 | 10-12 | 13-15 | 16-18 | 19-21 | 22-24 | 25-27 || total
-------------------------+-------+-------+-------+-------+-------+-------+-------+-------+-------++-------
Melee: Executioner's axe |     1 |       |       |     3 |     5 |    10 |    14 |    19 |   260 ||   312
 Cast: Manifold Assault  |       |       |       |     2 |     3 |     5 |     7 |     7 |   106 ||   130
       Summon Horrible T |       |       |       |       |       |       |       |     1 |     2 ||     3
  Use: Potion            |       |       |       |       |       |       |       |       |     1 ||     1
Dodge: Dodged            |       |       |       |       |       |       |       |       |     2 ||     2

Table legend: (Time is in decaauts)
 A = Elapsed time spent in this place.
 B = Non-inter-level travel time spent in this place.
 C = Inter-level travel time spent in this place.
 D = Time resting spent in this place.
 E = Time spent auto-exploring this place.
 F = Levels seen in this place.
 G = Mean time per level.
                   A        B        C        D        E       F      G
               +--------+--------+--------+--------+--------+-----+--------+
         Total |    191 |    191 |      0 |      0 |      2 |   1 |  191.0 |
       Dungeon |    191 |    191 |      0 |      0 |      2 |   1 |  191.0 |
               +--------+--------+--------+--------+--------+-----+--------+

Top non-repeatable levels by time:
       D: 191 daAuts
